 Dungeon Crawl Stone Soup version 0.30-a0-4-ga7cffc901d (webtiles) character file.

Game seed: 12913656193473144355

269 Setbun the Slicer (level 6, -2/35 HPs)
             Began as a Kobold Brigand on Aug 21, 2022.
             Slain by a bullfrog (4 damage)
             ... in a sewer.
             The game lasted 00:03:40 (4398 turns).

Setbun the Slicer (Kobold Brigand)                  Turns: 4398, Time: 00:03:41

Health: -2/35      AC:  3    Str:  8    XL:     6   Next: 46%
Magic:  6/6        EV: 14    Int: 13    God:
Gold:   127        SH:  0    Dex: 18    Spells: 5/5 levels left

rFire   . . .      SeeInvis .    a - +2 dagger
rCold   . . .      Faith    .    (no shield)
rNeg    . . .      Spirit   .    b - +0 robe
rPois   .          Reflect  .    (no helmet)
rElec   .          Harm     .    c - +0 cloak
rCorr   .          Rampage  .    (no gloves)
Will    .....                    (no boots)
Stlth   ++++......               (no amulet)
HPRegen 0.11/turn                (no ring)
MPRegen 0.10/turn                (no ring)

@: no status effects
A: small, no large weapons, nightstalker 3
a: no special abilities


You were in a sewer.
You visited 1 branch of the dungeon, and saw 4 of its levels.
You also visited: Sewer.

You collected 127 gold pieces.

Inventory:

Hand Weapons
 a - a +2 dagger (weapon)
Missiles
 d - 9 poisoned darts (quivered)
 e - 5 curare-tipped darts
Armour
 b - a +0 robe (worn)
 c - a +0 cloak (worn)
 l - an orb of energy
Jewellery
 w - a +6 ring of dexterity
Scrolls
 g - a scroll of summoning {unknown}
 h - 2 scrolls of identify {unknown}
 q - a scroll of immolation {unknown}
 r - 4 scrolls of teleportation {unknown}
 s - a scroll of silence {unknown}
 t - a scroll of noise {unknown}
 u - a scroll of butterflies {unknown}
Potions
 i - a potion of attraction {unknown}
 j - a potion of lignification {unknown}
 k - a potion of mutation {unknown}
 m - a potion of berserk rage {unknown}
 n - 3 potions of brilliance {unknown}
 o - 2 potions of invisibility {unknown}
 p - 2 potions of curing {unknown}
 v - a potion of haste {unknown}


   Skills:
 - Level 2.1 Fighting
 + Level 8.4 Short Blades
 - Level 2.1 Throwing
 - Level 1.2 Dodging
 - Level 5.3 Stealth


You had 5 spell levels left.
You didn't know any spells.
Your spell library contained the following spells:

 Spells                   Type           Power      Damage    Failure   Level
 Petrify                  Tmut/Erth      0%         N/A       97%         4
 Metabolic Englaciation   Hex/Ice        0%         N/A       100%        5
 Statue Form              Tmut/Erth      0%         N/A       100%        6


Dungeon Overview and Level Annotations

Branches:
Dungeon (4/15)              Sewer (1/1)
 Temple: D:4-7

Altars:
Vehumet

Shops:
D:3 [


Innate Abilities, Weirdness & Mutations

You are small and have problems with some larger weapons.
You are completely attuned to the shadows.


Message History

The bullfrog is lightly wounded.
The bullfrog hits you! The bullfrog hits you.
You hit the bullfrog but do no damage.
The bullfrog is lightly wounded.
The bullfrog closely misses you. x2
You hit the bullfrog.
The bullfrog is moderately wounded.
The bullfrog closely misses you. x2
You hit the bullfrog.
The bullfrog is heavily wounded.
The bullfrog barely misses you.
You hit the bullfrog.
The bullfrog is heavily wounded.
The bullfrog closely misses you.
You completely miss the bullfrog.
The bullfrog is heavily wounded.
The bullfrog barely misses you. The bullfrog hits you!
You hit the bullfrog.
The bullfrog is severely wounded.
The bullfrog hits you. The bullfrog closely misses you.
You are too injured to fight recklessly!
You are too injured to fight recklessly!
You are too injured to fight recklessly!
You are too injured to fight recklessly!
You are too injured to fight recklessly!
You are too injured to fight recklessly!
You are too injured to fight recklessly!
You barely miss the bullfrog.
The bullfrog is severely wounded.
The bullfrog misses you. The bullfrog barely misses you.
You hit the bullfrog.
The bullfrog is almost dead.
The bullfrog closely misses you. The bullfrog hits you.
* * * LOW HITPOINT WARNING * * *
You barely miss the bullfrog.
The bullfrog is almost dead.
The bullfrog hits you.
* * * LOW HITPOINT WARNING * * *
The bullfrog hits you.
You die...

##.~##~÷~~~.~~~##†.##..#
#~~~#~~..~~~~~~~#~~~#.∩#
#~~##~~~#####~~~##~.#..#
##..#.~~## ##~~~#~~##.##
#~~~#~~##≈≈~≈≈##~~#~~~#~.#
#.~##.~#≈≈..~≈≈#~~###~#~~#
#~.#~~##≈≈~~~~≈##~~~#.#.~#
#~~#~~#≈≈~~†~.~≈#.~∩#~#.~#
#~.#~~#≈≈~F@F~~≈#~~~#~#~~#
#~~#~†#≈~.(.~~~.#~~##~#~~#
#~~#~~#≈~.??~~~~#~~#~~#~~#
#~.#.~#≈..)!$~~†#.~#~~#~~#
#.~#.~##≈~.?..~##..#.~.~~#
#~~##~~#≈.~.~~.~.~.#~~~~~#
#~~.#~.##≈~~~~~~~###~~~~~#
##~†#~~~##≈~~~~###~#######
#~~##~~~#######~~~..#


You could see 2 bullfrogs.

Vanquished Creatures
  A necrophage (D:2)
  An iguana (D:3)
  5 adders
  A worm (D:2)
  4 dart slugs
  2 orcs
  12 ball pythons
  21 endoplasms
  10 giant cockroaches
  6 goblins
  8 hobgoblins
  6 kobolds
  10 quokkas
  8 bats
  12 frilled lizards
  9 rats
116 creatures vanquished.

Vanquished Creatures (others)
  2 plants
2 creatures vanquished.

Grand Total: 118 creatures vanquished

Notes
Turn   | Place    | Note
-------+----------+-------------------------------------------
     0 | D:1      | Setbun the Kobold Brigand began the quest for the Orb.
     0 | D:1      | Reached XP level 1. HP: 12/12 MP: 1/1
    45 | D:1      | Reached skill level 3 in Short Blades
    64 | D:1      | Reached XP level 2. HP: 17/17 MP: 2/2
   169 | D:1      | Reached skill level 4 in Short Blades
   268 | D:1      | Reached XP level 3. HP: 13/21 MP: 3/3
   818 | D:1      | Reached skill level 5 in Short Blades
  1367 | D:2      | Reached XP level 4. HP: 26/26 MP: 4/4
  1659 | D:2      | Noticed a necrophage
  1663 | D:2      | Killed a necrophage
  1664 | D:2      | Reached skill level 6 in Short Blades
  1664 | D:2      | Reached XP level 5. HP: 30/30 MP: 5/5
  1733 | D:2      | Reached skill level 7 in Short Blades
  2020 | D:2      | Found a faded altar of an unknown god.
  2043 | D:2      | Identified the +0 ring mail "Cearchio" {rElec Will- Str+3
                  | Slay-4}
  2235 | D:3      | Found a radiant altar of Vehumet.
  2621 | D:3      | Found Ysen's Antique Armour Emporium.
  2666 | D:3      | Reached XP level 6. HP: 35/35 MP: 6/6
  3425 | D:4      | Found a glowing drain.
  3431 | Sewer    | Entered a sewer
  3521 | Sewer    | Reached skill level 8 in Short Blades
  4398 | Sewer    | Slain by a bullfrog

Illustrated notes

Levels and vault maps discovered:
D:1:      roderic_crop_circles_arrival_small, layout_loops_ring,
          minmay_misc_feat_ornament, minivault_27, st_stairs_14, minivault_26
D:2:      wander_river, layout_basic, shapermc_ecumenical_altar_mp_vishouse,
          serial_forest, infiniplex_forest_end_double,
          infiniplex_forest_straight_3, infiniplex_forest_straight_4,
          infiniplex_forest_clump_curved, infiniplex_forest_straight_4,
          infiniplex_forest_lined_room_
D:3:      layout_basic, nicolae_vehumet_altar_sigil, serial_shops,
          nicolae_shop_behind_doors
D:4:      layout_layer_cave, cheibrodos_sewer_entry_sluice, uniq_sigmund
Sewer:    sewer_frog_island_02

Skill      XL: |  1  2  3  4  5  6 |
---------------+-------------------+-----
Short Blades   | 3 4 5 6 7 8 |  8.4
Fighting       | |  2.1
Throwing       | |  2.1
Dodging        | |  1.2
Stealth        | |  5.3

Action                   |  1- 3 |  4- 6 || total
-------------------------+-------+-------++-------
Melee: Dagger            |    72 |   297 ||   369
       Punch             |       |     1 ||     1
  Use: Scroll            |       |     1 ||     1
 Stab: Sleeping          |    25 |    34 ||    59
Armor: Robe              |     8 |    32 ||    40
Dodge: Dodged            |    16 |   155 ||   171

Table legend: (Time is in decaauts)
 A = Elapsed time spent in this place.
 B = Non-inter-level travel time spent in this place.
 C = Inter-level travel time spent in this place.
 D = Time resting spent in this place.
 E = Time spent auto-exploring this place.
 F = Levels seen in this place.
 G = Mean time per level.
                   A        B        C        D        E       F      G
               +--------+--------+--------+--------+--------+-----+--------+
         Total |   4345 |   4198 |    147 |    397 |   3104 |   5 |  869.0 |
       Dungeon |   3388 |   3241 |    147 |    172 |   2594 |   4 |  847.0 |
         Sewer |    956 |    956 |      0 |    225 |    510 |   1 |  956.0 |
               +--------+--------+--------+--------+--------+-----+--------+

Top non-repeatable levels by time:
     D:1: 1261 daAuts
     D:3: 1089 daAuts
   Sewer: 956 daAuts
     D:2: 937 daAuts
     D:4: 100 daAuts
